 Dungeon Crawl Stone Soup version 0.23.0 (webtiles) character file.

Game seed: 4663593440332868393

3325 Monsterracer the Grappler (level 9, -20/85 HPs)
             Began as a Troll Transmuter on Feb 9, 2019.
             Was a Priest of Cheibriados.
             Demolished by a two-headed ogre
             ... wielding a +0 great mace
              (25 damage)
             ... on level 8 of the Dungeon.
             The game lasted 00:08:11 (6139 turns).

Monsterracer the Grappler (Troll Transmuter)        Turns: 6139, Time: 00:08:12

Health: -20/85     AC:  8    Str: 25    XL:     9   Next: 71%
Magic:  7/11       EV: 14    Int: 20    God:    Cheibriados [***...]
Gold:   484        SH: 11    Dex: 18    Spells: 6/10 levels left

rFire    . . .     SeeInvis .     - Unarmed
rCold    . . .     Gourm    +   k - +1 shield
rNeg     + + +     Faith    .   n - +2 animal skin
rPois    +         Spirit   .   (helmet restricted)
rElec    +         Reflect  .   (no cloak)
rCorr    .         Harm     .   (gloves unavailable)
MR       .....                  (boots unavailable)
Stlth    +.........             (no amulet)
HPRegen  0.64/turn              a - ring of Lidwei {rElec rPois rN+++ Str-3 Stlth-}
MPRegen  0.12/turn              i - +3 ring of evasion

@: lethally poisoned (-20 -> -20), very slow
A: large, unfitting armour, claws 3, fast metabolism 3, gourmand, regeneration
1, shaggy fur 1, tough skin 3
a: Bend Time, Temporal Distortion, Renounce Religion


You were on level 8 of the Dungeon.
You worshipped Cheibriados.
Cheibriados was most pleased with you.
You were completely stuffed.

You visited 1 branch of the dungeon, and saw 8 of its levels.

You collected 484 gold pieces.

Inventory:

Armour
 k - a +1 shield (worn)
 n - a +2 animal skin (worn)
Jewellery
 a - the ring of Lidwei (left claw) {rElec rPois rN+++ Str-3 Stlth-}
   (You found it on level 5 of the Dungeon)

   [ring of attention]

   It affects your strength (-3).
   It insulates you from electricity.
   It protects you from poison.
   It renders you almost immune to negative energy.
   It makes you less stealthy.
 f - an uncursed ring of ice
 i - a +3 ring of evasion (right claw)
 u - an uncursed ring of flight
 M - an uncursed ring of protection from magic {!d}
 P - an uncursed ring of poison resistance {!d}
 S - an uncursed ring of see invisible
Wands
 e - a wand of disintegration (9)
Scrolls
 j - 2 scrolls of amnesia
 m - 2 scrolls of magic mapping
 r - 4 scrolls of remove curse
 t - 4 scrolls of teleportation {!r}
Potions
 b - 4 potions of flight
 d - 2 potions of cancellation
 g - 2 potions of curing {unknown}
 h - 3 potions of might
 l - a potion of agility
 o - a potion of magic
 p - 2 potions of brilliance
 q - a potion of lignification {unknown}
 v - 2 potions of degeneration {unknown}
 w - 4 potions of heal wounds
Comestibles
 c - 19 rations
 s - a chunk of flesh


   Skills:
 + Level 4.5 Fighting
 + Level 4.7 Dodging
 + Level 4.3 Shields
 * Level 8.5 Unarmed Combat
 - Level 1.2 Spellcasting
 + Level 3.1 Transmutations
 + Level 4.2 Invocations


You had 6 spell levels left.
You knew the following spells:

 Your Spells              Type           Power        Failure   Level  Hunger
f - Ice Form              Ice/Tmut       #.......     94%         4    #####..

Your spell library contained the following spells:

 Spells                   Type           Power        Failure   Level  Hunger
 Beastly Appendage        Tmut           ##....       12%         1    ##.....
 Sticks to Snakes         Tmut           ##......     19%         2    ###....
 Summon Small Mammal      Summ           #...         43%         1    ##.....
 Call Imp                 Summ           #.......     56%         2    ###....
 Spider Form              Tmut/Pois      #.........   58%         3    ####...
 Call Canine Familiar     Summ           #.......     80%         3    ####...
 Summon Guardian Golem    Hex/Summ       #.......     80%         3    ####...
 Blade Hands              Tmut           ##........   98%         5    ######.
 Summon Ice Beast         Ice/Summ       #.......     99%         4    #####..
 Summon Lightning Spire   Summ/Air       #.......     99%         4    #####..


Dungeon Overview and Level Annotations

Branches:
Dungeon (8/15)             Temple (0/1) D:6
   Lair: D:8-11

Altars:
Cheibriados
Dithmenos
Hepliaklqana
Kikubaaqudgha
Makhleb
Okawaru
Qazlal
Ru
Trog
Uskayaw
Vehumet
Xom


Innate Abilities, Weirdness & Mutations

You are too large for most types of armour.
You have claws for hands.
Your metabolism is lightning-fast.
You like to eat raw meat.
Your natural rate of healing is unusually fast.
You are covered in fur. (AC +1)
You have extremely tough skin. (AC +3)


Message History

You barely miss the killer bee.
The killer bee buzzes angrily.
You block the killer bee's attack. x2; The killer bee stings you.
You take 2 damage, and have 76/85 hp.
You claw the killer bee!
The killer bee is heavily wounded.
The killer bee stings you. You block the killer bee's attack.
The killer bee stings you but does no damage.
Okay, then.
You miss the killer bee.
The killer bee is heavily wounded.
The killer bee stings you!
You are poisoned.
The killer bee poisons you!
A two-headed ogre comes into view.
It is wielding a +0 great mace and a +0 giant club.
You take 7 damage, and have 69/85 hp.
The two-headed ogre shouts in stereo!
You claw the killer bee!
You kill the killer bee!
Cheibriados thoroughly appreciates the change of pace.
You can now inflict damage on those overly hasty.
Cheibriados raises the support of your attributes as your movement slows.
You feel sick.
The killer bee stings you but does no damage.
You take 1 damage, and have 68/85 hp.
You barely miss the killer bee.
The killer bee is heavily wounded.
You block the killer bee's attack.
You miss the killer bee. The killer bee completely misses you.
The killer bee closely misses you. You block the killer bee's attack. x2
You scratch the killer bee but do no damage.
The killer bee is heavily wounded.
You feel sick.
The killer bee stings you but does no damage. x2
You block the killer bee's attack. The killer bee stings you.
You take 2 damage, and have 67/85 hp.
Your shield prevents you from hitting the killer bee.
The killer bee is heavily wounded.
The killer bee closely misses you. The killer bee stings you!
The killer bee closely misses you.
You take 8 damage, and have 59/85 hp.
Put on which piece of jewellery? (? for menu, Esc to quit)
You're wearing all the rings you can.
Remove which one? (? for menu, Esc to cancel) < or
a - the ring of Lidwei {rElec rPois rN+++ Str-3 Stlth-} > or
i - a +3 ring of evasion
Okay, then.
Evoke which item? (* to show all) (? for menu, Esc to quit)
Okay, then.
You fail to use your ability.
The killer bee closely misses you. The killer bee stings you.
The killer bee stings you! You block the killer bee's attack.
You take 10 damage, and have 49/85 hp.
You can feel time thicken for a moment.
You kill the killer bee!
Cheibriados thoroughly appreciates the change of pace.
You kill the killer bee!
Cheibriados thoroughly appreciates the change of pace.
You kill the killer bee!
Cheibriados thoroughly appreciates the change of pace.
You kill the killer bee!
Cheibriados thoroughly appreciates the change of pace.
You kill the killer bee!
Cheibriados thoroughly appreciates the change of pace.
You feel somewhat less full.
You can no longer inflict damage on those overly hasty.
Cheibriados lowers the support of your attributes as your movement quickens.
You feel sick.
You now have 6/11 mp.
You claw the two-headed ogre!
The two-headed ogre is heavily wounded.
You feel sick.
The two-headed ogre hits you with a +0 great mace!!
* * * LOW HITPOINT WARNING * * *
The two-headed ogre hits you with a cursed +0 giant club!
* * * LOW HITPOINT WARNING * * *
You take 44 damage, and have 7/85 hp.
MASSIVE DAMAGE!!
Fire/throw which item? (* to show all) (? for menu, Esc to quit)
Okay, then.
You feel much better.
You regained 18 hp, and now have 25/85 hp.
Unknown command.
Unknown command.
You barely miss the two-headed ogre.
The two-headed ogre is heavily wounded.
You block the two-headed ogre's attack.
The two-headed ogre hits you with a cursed +0 giant club!!
* * * LOW HITPOINT WARNING * * *
You take 21 damage, and have 4/85 hp.
MASSIVE DAMAGE!!
Unknown command.
You barely miss the two-headed ogre.
The two-headed ogre is heavily wounded.
You block the two-headed ogre's attack. The two-headed ogre barely misses you.
You claw the two-headed ogre!
The two-headed ogre is severely wounded.
You claw the two-headed ogre!
The two-headed ogre is almost dead.
You feel sick.
The two-headed ogre hits you with a +0 great mace!!
You die...

##### ....# ....#
....#######
..........######
....#####......##### #####
######....†#######
##########......@O..†.....
.......>...#########...###
############ #.... ##. ##
.#####


You could see a two-headed ogre.

Vanquished Creatures
  Pikel (D:6)
  A hornet (D:8)
  Prince Ribbit (D:6)
  Edmund (D:6)
  2 ice beasts
  2 phantoms (D:7)
  2 ogres
  A centaur (D:5)
  3 bullfrogs
  6 killer bees (D:8)
  3 wights (D:8)
  2 howler monkeys
  A centaur zombie (D:7)
  3 crimson imps
  A quasit (D:8)
  4 orc priests
  3 hounds
  A bullfrog skeleton (D:7)
  2 centaur skeletons
  4 iguanas
  6 orc wizards
  4 worker ants
  A hound skeleton (D:4)
  A howler monkey zombie (D:5)
  A worker ant zombie (D:5)
  Robin (D:2)
  2 howler monkey skeletons
  6 gnolls
  9 adders
  A shadow imp (D:2)
  3 adder skeletons
  An adder zombie (D:5)
  3 worms
  5 dart slugs
  A leopard gecko (D:7)
  19 orcs
  2 bats
  4 giant cockroaches
  16 goblins
  10 hobgoblins
  3 quokkas
  2 ball pythons
  3 frilled lizards
  8 kobolds
  2 leopard gecko skeletons
  11 rats
169 creatures vanquished.

Vanquished Creatures (others)
  2 slaves (D:6)
  A centaur (D:6)
  A crimson imp (D:6)
  2 gnolls (D:6)
6 creatures vanquished.

Grand Total: 175 creatures vanquished

Notes
Turn   | Place    | Note
-------+----------+-------------------------------------------
     0 | D:1      | Monsterracer the Troll Transmuter began the quest for the
                  | Orb.
     0 | D:1      | Reached XP level 1. HP: 18/18 MP: 1/1
   141 | D:1      | Reached skill level 1 in Fighting
   166 | D:1      | Reached XP level 2. HP: 20/27 MP: 2/2
   417 | D:1      | Reached XP level 3. HP: 33/33 MP: 3/3
   651 | D:2      | Noticed Robin
   677 | D:2      | Killed Robin
   677 | D:2      | Reached skill level 4 in Unarmed Combat
   683 | D:2      | Reached XP level 4. HP: 23/41 MP: 4/4
   756 | D:2      | Reached skill level 1 in Shields
  1303 | D:3      | Found a sacrificial altar of Ru.
  1346 | D:3      | Found a snail-covered altar of Cheibriados.
  1377 | D:3      | Became a worshipper of Cheibriados the Contemplative
  1447 | D:3      | Reached XP level 5. HP: 44/49 MP: 5/5
  1468 | D:3      | Learned a level 4 spell: Ice Form
  1558 | D:3      | Found an iron altar of Okawaru.
  2341 | D:4      | Reached * piety under Cheibriados
  2341 | D:4      | Reached skill level 5 in Unarmed Combat
  2341 | D:4      | Reached XP level 6. HP: 57/57 MP: 6/6
  2390 | D:4      | Found a hazy altar of Hepliaklqana.
  2456 | D:4      | Reached skill level 1 in Invocations
  2859 | D:4      | Reached XP level 7. HP: 66/66 MP: 7/7
  2928 | D:5      | Entered Level 5 of the Dungeon
  3019 | D:5      | Found a stormy altar of Qazlal.
  3040 | D:5      | Got a scintillating iron ring
  3042 | D:5      | Identified the ring of Lidwei {rElec rPois rN+++ Str-3
                  | Stlth-} (You found it on level 5 of the Dungeon)
  3081 | D:5      | Found a radiant altar of Vehumet.
  3084 | D:5      | Found a hide-covered altar of Uskayaw.
  3092 | D:5      | Found a bloodstained altar of Trog.
  3105 | D:5      | Reached skill level 6 in Unarmed Combat
  3226 | D:5      | Reached ** piety under Cheibriados
  3546 | D:5      | Reached XP level 8. HP: 74/75 MP: 8/8
  4038 | D:6      | Found a staircase to the Ecumenical Temple.
  4059 | D:6      | Noticed Pikel
  4080 | D:6      | Killed Pikel
  4080 | D:6      | Reached skill level 7 in Unarmed Combat
  4328 | D:6      | Found a shadowy altar of Dithmenos.
  4329 | D:6      | Noticed Prince Ribbit
  4368 | D:6      | Killed Prince Ribbit
  4521 | D:6      | Reached *** piety under Cheibriados
  4642 | D:6      | Noticed Edmund
  4845 | D:6      | Killed Edmund
  4845 | D:6      | Reached XP level 9. HP: 80/84 MP: 10/10
  5232 | D:7      | Found a shimmering altar of Xom.
  5236 | D:7      | Found a burning altar of Makhleb.
  5311 | D:7      | Found an ancient bone altar of Kikubaaqudgha.
  5391 | D:7      | HP: 41/84 [ogre/+0 giant spiked club (15)]
  5719 | D:7      | Reached skill level 8 in Unarmed Combat
  6124 | D:8      | Noticed a two-headed ogre
  6125 | D:8      | Reached **** piety under Cheibriados
  6134 | D:8      | HP: 22/85 [two-headed ogre/+0 great mace (28)]
  6134 | D:8      | HP: 7/85 [two-headed ogre/+0 great mace (15)]
  6139 | D:8      | HP: 5/85 [poisoned by a killer bee]
  6139 | D:8      | Demolished by a two-headed ogre

Skill      XL: |  1  2  3  4  5  6  7  8  9 |
---------------+----------------------------+-----
Fighting       | 1 2 3 4 |  4.5
Unarmed Combat | 4 5 6 7 8 |  8.5
Dodging        | 2 3 4 |  4.7
Shields        | 1 2 3 4 |  4.3
Invocations    | 1 2 3 4 |  4.2
Transmutations | 2 3 |  3.1
Spellcasting   | |  1.2

Action                   |  1- 3 |  4- 6 |  7- 9 || total
-------------------------+-------+-------+-------++-------
Melee: Unarmed           |    88 |   167 |   264 ||   519
Invok: Slouch            |       |       |     1 ||     1
  Use: Scroll            |       |    13 |     3 ||    16
       Potion            |       |       |     1 ||     1
  Eat: Chunk             |    11 |    21 |    20 ||    52
Armor: Robe              |    31 |     2 |       ||    33
       Animal skin       |       |    42 |    35 ||    77
Dodge: Dodged            |    30 |    61 |   108 ||   199
Block: Shield            |    18 |    51 |   117 ||   186

Levels and vault maps discovered:
D:1:      minmay_arrival_checkered_box, layout_basic, minmay_split_cup_large
D:2:      layout_loops_cross, uniq_robin
D:3:      layout_basic, okawaru_gym_becter, kennysheep_slug_shrine,
          nicolae_ru_awakened_eye, first_ration, patterned_corridor
D:4:      layout_basic, lemuel_coloured_pillars_altar, minmay_bisected
D:5:      layout_layer_cave, grunt_temple_overflow_open, old_standard_altar
D:6:      layout_loops_cross, nicolae_dithmenos_through_a_glass_darkly,
          minmay_temple_entry_grid, serial_rivers,
          chequers_serial_rivers_micro_c, chequers_serial_rivers_large_a,
          chequers_serial_rivers_micro_a, chequers_serial_rivers_room_a,
          chequers_serial_rivers_micro_c, chequers_serial_rivers_micro_c,
          uniq_prince_ribbit1, uniq_edmund, uniq_pikel
D:7:      layout_layer_cave, grunt_temple_overflow_champion_of_chaos,
          kiku_gazebo_pond_becter
D:8:      layout_rooms
